 Dungeon Crawl Stone Soup version 0.24.0-123-gd5b16e6ec5 (webtiles) character file.

Game seed: 10184833110830073498, levelgen mode: deterministic

31360 Bergy the Peltast (level 13, -9/82 HPs)
             Began as a Gargoyle Fighter on Dec 30, 2019.
             Was a High Priest of Makhleb.
             Killed from afar by a swamp worm (22 damage)
             ... with a harpoon shot
             ... on level 4 of the Lair of Beasts.
             The game lasted 00:54:31 (14318 turns).

Bergy the Peltast (Gargoyle Fighter)               Turns: 14318, Time: 00:54:32

Health: -9/82      AC: 25    Str: 28    XL:     13   Next: 57%
Magic:  13/13      EV:  7    Int:  9    God:    Makhleb [*****.]
Gold:   823        SH: 16    Dex:  9    Spells: 12/12 levels left

rFire    + + .     SeeInvis .   E - +8 whip of False Accusations {venom, rPois rN+}
rCold    + . .     Gourm    .   c - +0 shield
rNeg     + + .     Faith    .   M - +1 plate armour {rF+}
rPois    ∞         Spirit   .   (no helmet)
rElec    +         Reflect  +   A - scarf {rC+ rF+}
rCorr    .         Harm     .   (no gloves)
MR       .....                  (no boots)
Stlth    ..........             H - +2 amulet of reflection
HPRegen  0.23/turn              F - +3 ring of strength
MPRegen  0.13/turn              B - +6 ring of slaying

@: no status effects
A: negative energy resistance 1, electricity resistance, unbreathing,
petrification resistance, rot immunity, AC +9
a: Minor Destruction, Lesser Servant of Makhleb, Major Destruction, Greater
Servant of Makhleb, Renounce Religion


You were on level 4 of the Lair of Beasts.
You worshipped Makhleb.
Makhleb was extremely pleased with you.
You were not hungry.

You visited 3 branches of the dungeon, and saw 13 of its levels.
You also visited: Volcano.

You collected 898 gold pieces.
You spent 75 gold pieces at shops.

Inventory:

Hand Weapons
 b - a +3 mace of flaming
 E - the +8 whip of False Accusations (weapon) {venom, rPois rN+}
   (You found it on level 8 of the Dungeon)

   It poisons the flesh of those it strikes.
   It protects you from poison.
   It protects you from negative energy.
 L - a +2 mace of flaming
Armour
 c - a +0 shield (worn)
 A - a scarf of resistance (worn)
 J - the +1 scale mail "Dennuqo" {rC+ Regen+ MP+9 Dex+2}
   (You found it on level 2 of the Lair of Beasts)

   It affects your dexterity (+2).
   It protects you from cold.
   It affects your magic capacity (+9).
   It increases your rate of regeneration.
 M - a +1 plate armour of fire resistance (worn)
Jewellery
 a - an uncursed ring of protection from magic
 v - an uncursed ring of positive energy
 B - a +6 ring of slaying (right hand)
 F - a +3 ring of strength (left hand)
 H - a +2 amulet of reflection (around neck)
 I - an uncursed ring of see invisible
Wands
 p - a wand of enslavement (7)
 r - a wand of digging (5)
 t - a wand of polymorph (11)
 x - a wand of paralysis (7)
 C - a wand of acid (9)
Scrolls
 d - a scroll of fear {unknown}
 e - 2 scrolls of immolation
 g - a scroll of magic mapping {unknown}
 h - 2 scrolls of identify
 j - a scroll of enchant armour {unknown}
 s - a scroll of acquirement {unknown}
 u - a scroll of remove curse
 y - a scroll of noise {unknown}
 D - 4 scrolls of teleportation
 G - a scroll of random uselessness {unknown}
 O - a scroll of fog {unknown}
Potions
 i - 4 potions of lignification
 k - a potion of curing
 l - 2 potions of agility
 m - 2 potions of magic {unknown}
 n - 2 potions of resistance
 o - a potion of mutation {unknown}
 q - a potion of flight {unknown}
 w - a potion of degeneration {unknown}
 z - 2 potions of berserk rage
 K - a potion of brilliance {unknown}
 N - a potion of might
Comestibles
 f - 19 rations


   Skills:
 + Level 9.8 Fighting
 - Level 13.3 Maces & Flails
 + Level 9.9 Armour
 * Level 15.1 Shields


You had 12 spell levels left.
You didn't know any spells.
Your spell library contained the following spells:

 Spells                   Type           Power        Failure   Level  Hunger
 Confusing Touch          Hex            #.....       97%         1    ##.....
 Corona                   Hex            #......      97%         1    ##.....
 Ensorcelled Hibernation  Hex/Ice        #.....       99%         2    ###....
 Confuse                  Hex            #.......     100%        3    ####...
 Dazzling Spray           Conj/Hex       #.....       100%        3    ####...
 Gell's Gravitas          Tloc           #.........   100%        3    ####...
 Tukima's Dance           Hex            #.......     100%        3    ####...
 Petrify                  Tmut/Erth      #.......     100%        4    #####..
 Metabolic Englaciation   Hex/Ice        #.........   100%        5    ######.
 Yara's Violent Unravell  Hex/Tmut       #.........   100%        5    ######.


Dungeon Overview and Level Annotations

Branches:
Dungeon (8/15)             Temple (1/1) D:4            Lair (4/6) D:8
 Spider (0/4) Lair:3      Volcano (visited)
  Swamp: Lair:2-4    Shoals: Lair:2-4

Altars:
Ashenzari
Cheibriados
Dithmenos
Elyvilon
Fedhas
Gozag
Hepliaklqana
Kikubaaqudgha
Makhleb
Nemelex Xobeh
Okawaru
Qazlal
Ru
Sif Muna
Uskayaw
Vehumet
Wu Jian
Xom
Yredelemnul
Zin
The Shining One

Shops:
D:8 *

Annotations:
D:2 1 runed translucent door, Crazy Yiuf
D:4 3 runed translucent doors, Sysandra's ghost, amateur DENe
D:6 2 transporters, frederrik2's ghost, novice SpWr
Lair:4 1 runed translucent door, VPR's ghost, journeyman HOMo


Innate Abilities, Weirdness & Mutations

You are resistant to torment.
Your stone body is resilient. (AC +9)
You are immune to poison.
You resist negative energy. (rN+)
You are resistant to electric shocks. (rElec)
You can survive without breathing.
You are immune to petrification.
You are immune to rotting.


Message History

The six-headed hydra completely misses you.
The six-headed hydra bites you but does no damage.
You block the six-headed hydra's attack.
The six-headed hydra bites you!
* * * LOW HITPOINT WARNING * * *
The swamp worm bites you.
* * * LOW HITPOINT WARNING * * *
Unknown command.
You feel better. You block the komodo dragon's attack.
The swamp worm bites you but does no damage.
You block the six-headed hydra's attack.
The six-headed hydra bites you.
* * * LOW HITPOINT WARNING * * *
The six-headed hydra bites you but does no damage. x2
The six-headed hydra barely misses you. The six-headed hydra bites you!
* * * LOW HITPOINT WARNING * * *
You block the komodo dragon's attack.
The swamp worm throws harpoon shot at you.
The harpoon shot hits you!!
You die...

..# ♣♣♣♣§ ♣♣........#... .P#
♣♣..§ ♣...##...†#... ..##
♣♣..§♣♣♣♣♣#.#.......#.. .#.###
♣♣...≈≈≈≈♣♣♣##.#......##
..##.###♣.♣♣≈≈≈≈≈≈≈♣♣.<......P#.#
........^♣♣≈≈≈≈≈≈≈≈♣.............
........♣♣...≈≈≈≈≈≈♣.............
.........♣♣.D♣♣♣♣♣♣♣.............
..............l.@................
.............w.................##
>..............P.P##.####.....##
......####....##.P.#..# #........
....#.#####....#..... ..#P.......
.........#....##..........P.....#
...##..)..#....#.........#....###
.............=###########.(....#.
....##........#..#.#####.#.....#P


You could see a six-headed hydra, a komodo dragon and a swamp worm.

Vanquished Creatures
  5 hydras
  2 two-headed ogres (D:8)
  A dancing weapon (Volcano)
  A fire crab (Lair:4)
  3 wizards (Volcano)
  A lindwurm (Lair:3)
  8 elephants
  A black mamba (Lair:1)
  Joseph (D:7)
  5 spiny frogs
  3 toenail golems (Volcano)
  An efreet (D:8)
  3 rime drakes
  A komodo dragon (Lair:1)
  A polar bear (Lair:4)
  Grinder (D:3)
  6 blink frogs
  4 hippogriffs
  Sigmund (D:4)
  A vampire (D:8)
  A wraith (D:7)
  4 hogs (D:8)
  37 yaks
  Eustachio (D:5)
  A basilisk (Lair:4)
  A human (D:8)
  A wyvern (Lair:4)
  Menkaure (D:4)
  7 water moccasins
  5 porcupines
  2 orc warriors
  3 sky beasts
  3 necrophages
  2 black bears
  3 ogres (D:8)
  9 wolves
  5 ice beasts
  2 centaurs (D:8)
  8 crocodiles
  A big kobold (D:8)
  2 elf zombies (D:7)
  4 bullfrogs
  An elf skeleton (D:7)
  A wyvern skeleton (D:8)
  4 scorpions
  2 water moccasin skeletons
  An electric eel (Lair:2)
  2 howler monkeys
  3 crimson imps
  A bullfrog zombie (D:8)
  A centaur zombie (D:8)
  4 hounds
  3 bullfrog skeletons
  4 human zombies (D:7)
  3 orc priests
  7 orc wizards
  Jessica (D:2)
  2 iguanas
  Ijyb (D:3)
  Terence (D:3)
  A human skeleton (D:7)
  5 worker ants
  3 yak simulacra (Lair:3)
  3 polar bear simulacra (Lair:3)
  2 killer bee zombies (D:6)
  4 wolf simulacra (Lair:3)
  A hound zombie (D:6)
  2 hound skeletons
  2 mummies (D:7)
  2 worker ant zombies
  Robin (D:4)
  A howler monkey skeleton (D:5)
  3 gnolls (D:6)
  15 adders
  5 shadow imps
  3 oozes
  3 adder skeletons
  4 worms (D:2)
  3 dart slugs
  4 leopard geckos
  26 orcs
  2 ball pythons
  12 bats
  6 giant cockroaches
  15 goblins
  5 hobgoblins
  5 jackals
  12 kobolds
  5 quokkas
  5 frilled lizards
  A leopard gecko skeleton (D:5)
  2 quokka skeletons
  2 quokka zombies
  7 rats
  A river rat simulacrum (Lair:3)
368 creatures vanquished.

Vanquished Creatures (others)
  A necromancer (Lair:3)
  An orc (D:5)
  6 fungi
  A plant (Lair:1)
  2 withered plants (Lair:4)
11 creatures vanquished.

Grand Total: 379 creatures vanquished

Notes
Turn   | Place    | Note
-------+----------+-------------------------------------------
     0 | D:1      | Bergy the Gargoyle Fighter began the quest for the Orb.
     0 | D:1      | Reached XP level 1. HP: 14/14 MP: 1/1
   130 | D:1      | Reached XP level 2. HP: 19/19 MP: 2/2
   515 | D:1      | Reached XP level 3. HP: 23/23 MP: 3/3
   718 | D:2      | Found a shimmering altar of Xom.
  1084 | D:2      | Reached XP level 4. HP: 28/28 MP: 4/4
  1108 | D:2      | Noticed Jessica
  1227 | D:2      | Killed Jessica
  1482 | D:2      | Found a shimmering blue altar of Sif Muna.
  1568 | D:2      | Reached skill level 5 in Maces & Flails
  1568 | D:2      | Reached XP level 5. HP: 30/32 MP: 5/5
  1610 | D:2      | Found a runed translucent door.
  1611 | D:2      | Noticed Crazy Yiuf
  1786 | D:3      | Noticed Ijyb
  1869 | D:3      | Found a faded altar of an unknown god.
  1970 | D:3      | Paralysed by Ijyb for 4 turns
  1982 | D:3      | Paralysed by Ijyb for 2 turns
  1989 | D:3      | Paralysed by Ijyb for 2 turns
  1993 | D:3      | Killed Ijyb
  2322 | D:2      | Reached XP level 6. HP: 7/37 MP: 6/6
  2865 | D:3      | Noticed Terence
  2885 | D:3      | Killed Terence
  2894 | D:3      | Found a shadowy altar of Dithmenos.
  2948 | D:3      | Noticed Grinder
  2951 | D:3      | Paralysed by Grinder for 6 turns
  2983 | D:3      | Killed Grinder
  2983 | D:3      | Reached XP level 7. HP: 31/41 MP: 7/7
  3816 | D:4      | Noticed Menkaure
  3829 | D:4      | Killed Menkaure
  4055 | D:4      | Noticed Robin
  4124 | D:4      | Found a runed translucent gate.
  4125 | D:4      | Found a runed translucent gate.
  4125 | D:4      | Found a runed translucent gate.
  4125 | D:4      | Noticed Sysandra's ghost (amateur DENe)
  4160 | D:4      | Found a staircase to the Ecumenical Temple.
  4167 | D:4      | Killed Robin
  4252 | Temple   | Entered the Ecumenical Temple
  4365 | Temple   | Became a worshipper of Makhleb the Destroyer
  4417 | D:4      | Noticed Sigmund
  4437 | D:4      | Killed Sigmund
  4437 | D:4      | Reached XP level 8. HP: 46/46 MP: 8/8
  4848 | D:5      | Entered Level 5 of the Dungeon
  4848 | D:5      | Noticed Eustachio
  5145 | D:5      | Found a shattered altar of Ashenzari.
  5172 | D:5      | Reached skill level 10 in Maces & Flails
  5366 | D:5      | Reached * piety under Makhleb
  5564 | D:5      | Found a radiant altar of Vehumet.
  5652 | D:5      | Killed Eustachio
  5957 | D:4      | Reached XP level 9. HP: 42/51 MP: 9/9
  6025 | D:4      | Reached skill level 4 in Shields
  6377 | D:6      | Noticed frederrik2's ghost (novice SpWr)
  6379 | D:6      | Found a transporter.
  6504 | D:6      | Identified the +1 great mace of the Lonely Wonders
                  | {distort, +Blink rPois rC- MP+9}
  6785 | D:6      | Reached ** piety under Makhleb
  7076 | D:6      | Found a transporter.
  7380 | D:7      | Noticed a +0 hand axe
  7380 | D:7      | Noticed a +0 dagger
  7381 | D:7      | Found a hide-covered altar of Uskayaw.
  7724 | D:7      | Noticed Joseph
  7737 | D:7      | Killed Joseph
  7737 | D:7      | Reached skill level 5 in Shields
  7868 | D:7      | Found an ancient bone altar of Kikubaaqudgha.
  7894 | D:7      | Reached XP level 10. HP: 56/56 MP: 10/10
  7979 | D:7      | Reached skill level 6 in Shields
  8126 | D:8      | Found Ohioclaz's General Store.
  8137 | D:8      | Bought a scroll of identify for 30 gold pieces
  8137 | D:8      | Bought a scroll of teleportation for 45 gold pieces
  8356 | D:8      | Found a staircase to the Lair.
  8529 | D:8      | Reached skill level 5 in Fighting
  8546 | D:8      | Reached *** piety under Makhleb
  8546 | D:8      | Reached skill level 7 in Shields
  8560 | D:8      | Got a transparent whip
  8600 | D:8      | Identified the +8 whip of False Accusations {venom, rPois
                  | rN+} (You found it on level 8 of the Dungeon)
  8619 | D:8      | Noticed a two-headed ogre
  8629 | D:8      | Killed a two-headed ogre
  8683 | D:8      | Reached skill level 8 in Shields
  8833 | D:8      | Noticed a two-headed ogre
  8842 | D:8      | Killed a two-headed ogre
  8842 | D:8      | Reached skill level 9 in Shields
  8842 | D:8      | Reached XP level 11. HP: 57/64 MP: 11/11
  9064 | D:8      | Found a blossoming altar of Fedhas.
  9235 | D:8      | Reached skill level 5 in Armour
  9355 | Lair:1   | Entered Level 1 of the Lair of Beasts
  9571 | Lair:1   | Reached skill level 10 in Shields
  9708 | Lair:1   | Reached **** piety under Makhleb
  9800 | Lair:1   | Noticed an eight-headed hydra
  9816 | Lair:1   | Killed an eight-headed hydra
 10231 | Lair:1   | Noticed a six-headed hydra
 10555 | Lair:1   | Reached skill level 11 in Shields
 10939 | Lair:1   | Killed a six-headed hydra
 11188 | Lair:2   | Reached XP level 12. HP: 66/72 MP: 12/12
 11411 | Lair:2   | Reached skill level 12 in Shields
 11448 | Lair:2   | Got a pitted scale mail
 11459 | Lair:2   | Identified the cursed +1 scale mail "Dennuqo" {rC+ Regen+
                  | MP+9 Dex+2} (You found it on level 2 of the Lair of Beasts)
 12095 | Lair:3   | Found a hole to the Spider Nest.
 12317 | Lair:3   | Reached ***** piety under Makhleb
 12338 | Lair:3   | Noticed an eight-headed hydra
 12346 | Lair:3   | Killed an eight-headed hydra
 12346 | Lair:3   | Reached skill level 13 in Shields
 12411 | Lair:3   | Found a dark tunnel.
 12737 | Volcano  | Entered a volcano
 12787 | Volcano  | Paralysed by a wizard for 5 turns
 12796 | Volcano  | Reached XP level 13. HP: 80/80 MP: 13/13
 12805 | Volcano  | Reached skill level 14 in Shields
 13953 | Lair:4   | Found a runed translucent door.
 13955 | Lair:4   | Noticed VPR's ghost (journeyman HOMo)
 14034 | Lair:4   | Reached skill level 15 in Shields
 14318 | Lair:4   | Killed from afar by a swamp worm

Levels and vault maps discovered:
D:1:      doesnt_arrival_eight_statues, layout_loops_cross
D:2:      layout_rooms, nicolae_overflow_crystal_walls, led_sif_pool,
          uniq_jessica, uniq_crazy_yiuf_cottage
D:3:      layout_basic, chequers_ecumenical_altar_simple_redux,
          kennysheep_crisscross, nicolae_dithmenos_shadow_blocks, uniq_ijyb,
          uniq_grinder, uniq_terence
D:4:      layout_loops_ring, minmay_temple_entry_junction,
          gammafunk_ghost_nasty_kobolds, minmay_cut_off, uniq_menkaure,
          uniq_robin, uniq_sigmund
D:5:      layout_loops_ring, kennysheep_mini_moat, lemuel_round_altar,
          first_ration, hangedman_decor_diamond_cutter, uniq_eustachio
D:6:      layout_loops_cross, gammafunk_ghost_smash
D:7:      layout_basic, dancing_weapons_uskayaw,
          lemuel_mausoleum_altar_kikubaaqudgha, uniq_joseph
D:8:      minmay_the_grid_octo_2x2 [minmay_the_grid_octo_tetromino_candy,
          minmay_the_grid_octo_thin_diamonds, minmay_the_grid_octo_concentric,
          minmay_the_grid_octo_prize_big_c], layout_layer_cave, fedhas_altar_3,
          lair_entry_dummy, serial_shops, nicolae_shop_waterfront,
          grunt_livestock
Temple:   regret_index_temple_waves
Lair:1:   layout_regular_city
Lair:2:   layout_gridlike, serial_bayou_shore_a, grunt_megastairs_1
Lair:3:   layout_gridlike, spider_nest_entry_web_field,
          nicolae_volcano_entry_vermiform, eino_house_with_fridge
Lair:4:   layout_regular_city, palyth_hydra_swamp_entry, gammafunk_ghost_grave,
          chequers_serial_rivers_large_a

Skill      XL: |  1  2  3  4  5  6  7  8  9 10 11 12 13 |
---------------+----------------------------------------+-----
Maces & Flails | 3 4 5 6 7 9 11 12 13 | 13.3
Shields        | 5 9 11 13 15 | 15.1
Fighting       | 4 5 7 8 9 |  9.8
Armour         | 4 7 9 |  9.9

Action                   |  1- 3 |  4- 6 |  7- 9 | 10-12 | 13-15 || total
-------------------------+-------+-------+-------+-------+-------++-------
Melee: Flail             |   127 |   206 |   421 |       |       ||   754
       Unarmed           |       |     5 |       |       |       ||     5
       Whip              |       |       |   111 |   629 |   246 ||   986
  Use: Scroll            |       |     2 |     8 |     6 |     4 ||    20
       Potion            |       |     1 |     2 |     3 |     1 ||     7
  Eat: Chunk             |     1 |     3 |    12 |    16 |     2 ||    34
       Ration            |       |     1 |     1 |       |     1 ||     3
Armor: Scale mail        |   103 |   122 |   178 |   164 |     4 ||   571
       Plate armour      |       |       |       |       |    89 ||    89
Dodge: Dodged            |    62 |    86 |    77 |   101 |    47 ||   373
Block: Shield            |   102 |   122 |   175 |   227 |   146 ||   772
       Reflection        |       |       |       |     1 |       ||     1
